 Dungeon Crawl Stone Soup version 0.26-a0-1107-g6118521029 (webtiles) character file.

Game seed: 7365094165589692610

35 Dracia the Unweaver (level 3, 0/29 HPs)
             Began as a Demonspawn Abyssal Knight on Dec 16, 2020.
             Was a Follower of Lugonu.
             Slain by a gnoll
             ... wielding a +0 club
              (6 damage)
             ... on level 1 of the Dungeon.
             The game lasted 00:01:54 (1489 turns).

Dracia the Unweaver (Demonspawn Abyssal Knight)     Turns: 1489, Time: 00:01:55

Health: 0/29       AC:  3    Str: 13    XL:     3   Next: 17%
Magic:  5/5        EV: 11    Int: 13    God:    Lugonu [*.....]
Gold:   35         SH:  0    Dex: 12    Spells: 2/2 levels left

rFire    . . .     SeeInvis .   a - +1 falchion
rCold    . . .     Faith    .   (no shield)
rNeg     . . .     Spirit   .   b - +0 leather armour
rPois    .         Reflect  .   (no helmet)
rElec    .         Harm     .   (no cloak)
rCorr    .         Rampage  .   (no gloves)
Will     .....                  (no boots)
Stlth    +.........             (no amulet)
HPRegen  0.09/turn              (no ring)
MPRegen  0.09/turn              (no ring)

@: no status effects
A: hooves 1, powered by death 1
a: Depart the Abyss, Renounce Religion


You were on level 1 of the Dungeon.
You worshipped Lugonu.
Lugonu was aware of your devotion.
You visited 1 branch of the dungeon, and saw 2 of its levels.
You visited the Abyss 1 time.

You collected 35 gold pieces.


Innate Abilities, Weirdness & Mutations

You have large cloven feet.
You regenerate a little health from kills.


   Skills:
 - Level 3.0 Fighting
 * Level 2.9 Long Blades
 - Level 1.7 Armour
 - Level 0.8 Dodging
 + Level 3.3 Invocations


You had 2 spell levels left.
You didn't know any spells.
Your spell library was empty.

Inventory:

Hand Weapons
 a - a +1 falchion (weapon)
 h - a +2 dagger of venom
Armour
 b - a +0 leather armour (worn)
Scrolls
 f - 4 scrolls of identify {unknown}
 g - a scroll of magic mapping {unknown}
 i - a scroll of remove curse {unknown}
Potions
 c - a potion of attraction {unknown}
 d - a potion of flight {unknown}
 e - 2 potions of haste {unknown}
 j - a potion of lignification {unknown}

Dungeon Overview and Level Annotations

Branches:
Dungeon (2/15)

Altars:

..................(.###.#..#
#. ##################(##
#.##.# #. #.# #.#### #. #.#
#.# ### #.# ##.# #####.. #.#
#..# #...#.. ###.# #.##
#.<.'.. #.g(# #.# #...#..
#@### #.# #####.. #g# #.#
##+# #.# #.# #..# #)# #.#
###... #.#####.# ###...##
#....##.###...####
########.........### ##
#.....#..#.#.#########.
#.....#.##.............


You could see 2 gnolls.


Message History

There is a stone staircase leading down here.
You climb downwards.
The gnoll completely misses you. The gnoll hits you.
The gnoll barely misses you.
There is a stone staircase leading up, spattered with blood here.
The gnoll barely misses you. x2; The gnoll hits you with a +0 club.
You climb upwards.
There is a stone staircase leading down here.
You hit the gnoll. Your kick misses the gnoll.
The gnoll is moderately wounded.
The gnoll hits you. The gnoll hits you with a +0 club.
You hit the gnoll but do no damage. Your kick misses the gnoll.
The gnoll is moderately wounded.
The gnoll barely misses you.
You riposte.
You hit the gnoll. Your kick misses the gnoll.
The gnoll is lightly wounded.
The gnoll barely misses you.
You hit the gnoll but do no damage.
The gnoll is moderately wounded.
The gnoll barely misses you. x3
Unknown command.
You barely miss the gnoll.
The gnoll is moderately wounded.
The gnoll hits you with a +0 club.
* * * LOW HITPOINT WARNING * * *
The gnoll hits you.
* * * LOW HITPOINT WARNING * * *
You hit the gnoll. Your kick misses the gnoll.
The gnoll is severely wounded.
The gnoll hits you with a +0 club.
You die...

Skill      XL: |  1  2 |
---------------+-------+-----
Long Blades    | 2 |  2.9
Invocations    | 3 |  3.3
Fighting       | |  3.0
Armour         | |  1.7
Dodging        | |  0.8

Action                   || total
-------------------------++-------
Melee: Falchion          ||    28
       Dagger            ||    31
Invok: Depart the Abyss  ||     1
Armor: Leather armour    ||    18
Dodge: Dodged            ||    50
       Rpst.: Falchion   ||     6

Levels and vault maps discovered:
D:1:      minmay_arrival_stair_chambers, layout_rooms, serial_bayou_lagoon_b
D:2:      minmay_recursive_quarters, layout_loops_ring, uniq_terence,
          uniq_crazy_yiuf_cottage, uniq_jessica

Notes
Turn   | Place    | Note
-------+----------+-------------------------------------------
     0 | Abyss:1  | Dracia the Demonspawn Abyssal Knight began the quest for
                  | the Orb.
     0 | Abyss:1  | Reached XP level 1. HP: 18/18 MP: 2/2
    34 | Abyss:1  | Found a corrupted altar of Lugonu.
    45 | Abyss:1  | Noticed a ynoxinul
    46 | D:1      | You pass through the gate.
    46 | D:1      | Escaped the Abyss
   111 | D:1      | Reached skill level 2 in Long Blades
   609 | D:1      | Gained mutation: You regenerate a little health from kills.
                  | [demonic ancestry]
   609 | D:1      | Reached XP level 2. HP: 24/24 MP: 4/4
   631 | D:1      | Reached * piety under Lugonu
   681 | D:1      | Reached skill level 3 in Invocations
  1166 | D:1      | HP: 1/24 [gnoll/+0 spear (9)]
  1170 | D:1      | Gained mutation: You have large cloven feet. [demonic
                  | ancestry]
  1170 | D:1      | Reached XP level 3. HP: 1/29 MP: 5/5
  1489 | D:1      | Slain by a gnoll

Vanquished Creatures
  A gnoll (D:1)
  2 leopard geckos (D:1)
  2 giant cockroaches (D:1)
  2 goblins (D:1)
  5 hobgoblins (D:1)
  4 bats (D:1)
  A frilled lizard (D:1)
  5 kobolds (D:1)
  A rat (D:1)
23 creatures vanquished.

Table legend: (Time is in decaauts)
 A = Elapsed time spent in this place.
 B = Non-inter-level travel time spent in this place.
 C = Inter-level travel time spent in this place.
 D = Time resting spent in this place.
 E = Time spent auto-exploring this place.
 F = Levels seen in this place.
 G = Mean time per level.
                   A        B        C        D        E       F      G
               +--------+--------+--------+--------+--------+-----+--------+
         Total |   1509 |   1481 |     28 |    718 |    600 |   3 |  503.0 |
       Dungeon |   1463 |   1435 |     28 |    718 |    556 |   2 |  731.5 |
         Abyss |     46 |     46 |      0 |      0 |     44 |   1 |   46.0 |
               +--------+--------+--------+--------+--------+-----+--------+

Top non-repeatable levels by time:
     D:1: 1457 daAuts
 Abyss:1: 46 daAuts
     D:2: 5 daAuts

Table legend:
 A = Non-vault XP
 B = Vault XP
 C = Vault XP percentage of total XP
 D = Non-vault monster count
 E = Vault monster count
 F = Vault count percentage of total count
                 A         B        C        D         E       F
            +---------+---------+-------+---------+---------+-------
      Total |      51 |       0 |   0.0 |      23 |       0 |   0.0
            +---------+---------+-------+---------+---------+-------
        D:1 |      51 |       0 |   0.0 |      23 |       0 |   0.0
            +---------+---------+-------+---------+---------+-------
